 Dungeon Crawl Stone Soup version 0.31-a0-1202-ga8fea8b373 (webtiles) character file.

Game seed: 16873726134098073771

9885 Inarius the Cleaver (level 11, -2/86 HPs)
             Began as a Mummy Fighter on Dec 12, 2023.
             Was an Elder of Makhleb.
             Slain by a large slime creature (35 damage)
             ... on level 10 of the Dungeon.
             The game lasted 00:17:27 (11295 turns).

Inarius the Cleaver (Mummy Fighter)                Turns: 11295, Time: 00:17:28

Health: -2/86      AC: 10    Str: 24    XL:     11   Next: 28%
Magic:  15/15      EV:  7    Int:  8    God:    Makhleb [****..]
Gold:   407        SH:  9    Dex: 11    Spells: 10/10 levels left

rFire   . . .        m - +1 war axe (freeze)
rCold   . . .        a - +0 kite shield
rNeg    + + +        e - +0 chain mail
rPois   ∞            (no helmet)
rElec   .            (no cloak)
rCorr   .            (no gloves)
SInv    .            (no boots)
Will    ++...        (no amulet) Stlth
                     h - ring of fire
HPRegen 0.34/turn    d - ring of willpower
MPRegen 0.14/turn

%: faith
@: no status effects
A: cold resistance 1, negative energy resistance 3, torment resistance 2, heat
vulnerability 1, in touch with death 1, no potions, faith
a: Renounce Religion, Minor Destruction, Lesser Servant of Makhleb, Major
Destruction


You were on level 10 of the Dungeon.
You worshipped Makhleb.
Makhleb was greatly pleased with you.
You visited 2 branches of the dungeon, and saw 11 of its levels.

You collected 407 gold pieces.

Inventory:

Hand Weapons
 m - a +1 war axe of freezing (weapon)
Armour
 a - a +0 kite shield (worn)
 e - a +0 chain mail (worn)
Jewellery
 d - a ring of willpower (right hand)
 f - a ring of see invisible
 h - a ring of fire (left hand)
 n - a ring of wizardry
Wands
 q - a wand of digging (4)
Scrolls
 b - 3 scrolls of amnesia
 c - a scroll of poison
 g - a scroll of teleportation
 i - a scroll of blinking
 j - 2 scrolls of fear
 k - 3 scrolls of identify
 l - a scroll of silence
 p - a scroll of noise
 r - a scroll of fog {unknown}


   Skills:
 + Level 8.2 Fighting
 + Level 9.2 Axes
 + Level 7.0 Armour
 + Level 5.4 Shields
 * Level 6.3 Invocations
 + Level 0.9 Evocations


You had 10 spell levels left.
You didn't know any spells.
Your spell library contained the following spells:

 Spells                   Type           Power      Damage    Failure   Level
 Necrotise                Necr           0%         1d4       99%         1
 Blink                    Tloc           0%         N/A       100%        2
 Lesser Beckoning         Tloc           0%         N/A       100%        2
 Momentum Strike          Conj/Tloc      0%         3d8       100%        2
 Call Canine Familiar     Summ           0%         N/A       100%        3
 Sigil of Binding         Hex            0%         N/A       100%        3
 Vampiric Draining        Necr           0%         2d6       100%        3
 Dimensional Bullseye     Hex/Tloc       0%         N/A       100%        4
 Leda's Liquefaction      Hex/Erth       0%         N/A       100%        4
 Agony                    Necr           0%         N/A       100%        5


Dungeon Overview and Level Annotations

Branches:
Dungeon (10/15)            Temple (1/1) D:4            Lair (0/5) D:9
    Orc: D:9-12

Altars:
Ashenzari
Cheibriados
Dithmenos
Fedhas
Gozag
Hepliaklqana
Kikubaaqudgha
Makhleb
Nemelex Xobeh
Okawaru
Ru
Sif Muna
Trog
Uskayaw
Vehumet
Wu Jian
Xom
Yredelemnul

Shops:
D:9 !

Annotations:
D:4 2 runed translucent doors, hackum's ghost, novice OpGl
D:8 Gastronok


Innate Abilities, Weirdness & Mutations

You are immune to poison.
Your flesh is cold resistant. (rC+)
You are immune to negative energy. (rN+++)
You are immune to unholy pain and torment.
You are vulnerable to heat. (rF-)
You are in touch with the powers of death.
You do not drink.
You have a special connection with the divine. (Faith)


Message History

A kobold is nearby!
A kobold is nearby!
A slime creature comes into view.
A slime creature is nearby!
A slime creature is nearby!
A slime creature is nearby!
A slime creature comes into view.
The slime creature quivers.
Aiming: Throw Flame
Press: ? - help, Shift-Dir - straight line, f - slime creature
Aim: a slime creature (93% to hit)
The puff of flame hits the slime creature!
The slime creature is lightly wounded.
The now-empty wand crumbles to dust.
You barely miss the slime creature.
The slime creature is lightly wounded.
The slime creature hits you!
You slice the slime creature!! You freeze the slime creature!
The slime creature is severely wounded.
A slime creature comes into view.
Two slime creatures merge to form a large slime creature.
The slime creature quivers.
You slash the large slime creature! You freeze the large slime creature.
The large slime creature is heavily wounded.
The large slime creature hits you!!
You slash the large slime creature! You freeze the large slime creature.
The large slime creature is severely wounded.
The large slime creature hits you.
Unknown command.
You slash the large slime creature! You freeze the large slime creature.
The large slime creature is severely wounded.
The large slime creature hits you. The large slime creature hits you!
Unknown command.
You are too injured to fight recklessly!
You are too injured to fight recklessly!
Unknown command.
You hit the large slime creature. You freeze the large slime creature.
The large slime creature is severely wounded.
The large slime creature hits you!!
You die...

....######.######..†#
##... #.# #.#..
#....## #.# ###..
...... ..# #.# ...#
############..
#.###.# #.....#..
#.....# #.#####.#
#.###.# #.# #.. #@#
#.# #.# #.. #J#
#.####.# #.# .J.
#......# #..
....'######.# #..
.....## ###.### #.#
......# #≈#...# #..
#......≈ #≈#≈.#.# #..
#.....≈#≈# #..≈#.#
#.# .#≈#...#≈.# #..


You could see a large slime creature and a slime creature.

Vanquished Creatures
  A two-headed ogre (D:9)
  Pikel (D:7)
  2 centaur zombies (D:10)
  A centaur skeleton (D:10)
  A rime drake (D:8)
  A troll (D:10)
  3 wyverns
  8 yaks
  5 steam dragons
  Menkaure (D:4)
  2 water moccasins
  An orc warrior (D:9)
  7 ice beasts
  2 sky beasts (D:7)
  5 black bears
  3 ogres
  3 centaurs
  4 wolves
  2 phantoms
  Blork the orc (D:5)
  3 bullfrogs
  2 kobold brigands
  5 scorpions
  8 wights
  5 killer bees (D:10)
  4 howler monkeys
  3 hounds
  3 jellies
  4 orc priests
  Jessica (D:2)
  2 sleepcaps
  Natasha (thrice) (D:4 D:3)
  3 iguanas
  7 orc wizards
  19 gnolls
  8 adders
  A shadow imp (D:8)
  A white imp (D:3)
  4 ufetubi (D:6)
  2 worms (D:2)
  29 orcs
  7 ball pythons
  3 endoplasms
  5 giant cockroaches
  8 goblins
  8 hobgoblins
  8 jackals
  4 quokkas
  2 bats
  4 frilled lizards
  14 kobolds
  5 rats
239 creatures vanquished.

Vanquished Creatures (others)
  A human (D:6)
1 creature vanquished.

Grand Total: 240 creatures vanquished

Notes
Turn   | Place    | Note
-------+----------+-------------------------------------------
     0 | D:1      | Inarius the Mummy Fighter began the quest for the Orb.
     0 | D:1      | Reached XP level 1. HP: 18/18 MP: 1/1
   198 | D:1      | Reached XP level 2. HP: 24/24 MP: 2/2
   655 | D:2      | Reached skill level 2 in Axes
   655 | D:2      | Reached XP level 3. HP: 23/29 MP: 3/3
   700 | D:2      | Noticed Jessica
   714 | D:2      | Killed Jessica
   781 | D:2      | Reached XP level 4. HP: 37/37 MP: 4/4
  1536 | D:3      | Reached skill level 3 in Axes
  1536 | D:3      | Reached XP level 5. HP: 32/42 MP: 5/5
  1602 | D:3      | Noticed a black bear
  1605 | D:3      | Killed a black bear
  1634 | D:3      | Found a snail-covered altar of Cheibriados.
  2057 | D:3      | Reached XP level 6. HP: 47/49 MP: 6/6
  2727 | D:4      | Reached skill level 5 in Fighting
  2757 | D:4      | Noticed Natasha
  2764 | D:4      | Killed Natasha
  2765 | D:4      | Reached skill level 4 in Axes
  2767 | D:4      | Reached XP level 7. HP: 46/56 MP: 7/7
  2774 | D:4      | Noticed Natasha
  2850 | D:3      | Killed Natasha
  2919 | D:3      | Noticed Natasha
  2928 | D:3      | Killed Natasha
  3193 | D:4      | Noticed Menkaure
  3203 | D:4      | Killed Menkaure
  3364 | D:4      | Found a runed translucent door.
  3367 | D:4      | Noticed hackum's ghost (novice OpGl)
  3394 | D:4      | Found a runed translucent door.
  3512 | D:4      | Found a staircase to the Ecumenical Temple.
  3518 | Temple   | Entered the Ecumenical Temple
  3523 | Temple   | Became a worshipper of Makhleb the Destroyer
  3595 | D:5      | Entered Level 5 of the Dungeon
  3739 | D:5      | Noticed Blork the orc
  3967 | D:4      | Reached skill level 5 in Axes
  3967 | D:4      | Reached skill level 1 in Invocations
  3967 | D:4      | Reached XP level 8. HP: 54/64 MP: 8/8
  4063 | D:5      | Killed Blork the orc
  4787 | D:6      | Reached * piety under Makhleb
  5051 | D:6      | Noticed an angel
  5228 | D:6      | Found a blossoming altar of Fedhas.
  5274 | D:6      | Reached skill level 6 in Axes
  5554 | D:6      | Reached skill level 5 in Armour
  5554 | D:6      | Reached XP level 9. HP: 71/71 MP: 11/11
  5905 | D:6      | Found an ancient bone altar of Kikubaaqudgha.
  6270 | D:7      | Noticed Pikel
  6416 | D:7      | Reached skill level 7 in Axes
  6513 | D:7      | Killed Pikel
  6737 | D:7      | Reached ** piety under Makhleb
  6903 | D:7      | Reached XP level 10. HP: 40/79 MP: 13/13
  7178 | D:7      | Found a hazy altar of Hepliaklqana.
  7178 | D:7      | Found a bloodstained altar of Trog.
  7668 | D:8      | Reached skill level 8 in Axes
  7903 | D:8      | Reached skill level 5 in Invocations
  7944 | D:8      | Noticed Gastronok
  8902 | D:9      | Reached *** piety under Makhleb
  8975 | D:9      | Noticed a two-headed ogre
  9233 | D:9      | Reached skill level 5 in Shields
  9699 | D:9      | Killed a two-headed ogre
  9844 | D:9      | Found a staircase to the Lair.
  9996 | D:9      | Reached XP level 11. HP: 70/86 MP: 15/15
 10225 | D:9      | Found Fiutuox's Distillery.
 10429 | D:10     | Entered Level 10 of the Dungeon
 10560 | D:10     | Reached **** piety under Makhleb
 10648 | D:10     | Reached skill level 9 in Axes
 11295 | D:10     | Slain by a large slime creature

Illustrated notes

Levels and vault maps discovered:
D:1:      amcnicky_arrival_choice, layout_basic
D:2:      minmay_evil_eye, layout_basic, minivault_19, dk_noncrumbling_4,
          uniq_jessica
D:3:      layout_basic, mainiacjoe_overflow_alcove_4
D:4:      layout_cave_pools, minmay_temple_entry_enclosed_plants,
          ebering_ghost_sewer_f, uniq_natasha, uniq_menkaure
D:5:      layout_basic, uniq_blork_the_orc
D:6:      layout_loops_ring, zin_angel, tgw_kikubaaqudgha,
          overflow_temple_1_default, serial_aquarium,
          aquarium_bridge_long_joined [aquarium_subvault_bridge,
          aquarium_subvault_window, aquarium_subvault_bridge,
          aquarium_subvault_wall, aquarium_subvault_window,
          aquarium_subvault_wall], aquarium_window_corridor_1,
          aquarium_window_2, aquarium_view_2e, aquarium_view_2c,
          aquarium_balcony_3a, aquarium_pool_side,
          serial_library_hellmonk_secret_room
D:7:      layout_basic, nicolae_overflow_two_pavilions, grunt_ministairs_5,
          st_stairs_1, uniq_pikel
D:8:      layout_loops_corners, minivault_11, nicolae_letterblocks
          [nicolae_letter_subblock, nicolae_letter_subblock,
          nicolae_letter_subblock, nicolae_letter_subblock,
          nicolae_letter_subblock, nicolae_letter_subblock,
          nicolae_letter_subblock, nicolae_letter_subblock,
          nicolae_letter_subblock, nicolae_letter_subblock,
          nicolae_letter_subblock, nicolae_letter_subblock,
          nicolae_letter_subblock, nicolae_letter_subblock,
          nicolae_letter_subblock, nicolae_letter_subblock,
          nicolae_letter_subblock, nicolae_letter_subblock,
          nicolae_letter_subblock, nicolae_letter_subblock,
          nicolae_letter_subblock, nicolae_letter_subblock,
          nicolae_letter_subblock, nicolae_letter_subblock,
          nicolae_letter_subblock], uniq_gastronok
D:9:      layout_cave_pools, hellmonk_lair_entry_icy, nicolae_stop_n_shop_2,
          roderic_serpentine_path, hex_tiny
D:10:     layout_basic, grunt_qazlal_sundering, nicolae_trove_entry_columns,
          minivault_15, chequers_serial_rivers_room_b, hangedman_decor_growths,
          nicolae_water_bricks, columned_hall_lemuel,
          hellmonk_guarded_unrand_cigotuvi
Temple:   minmay_freezing_vapour_temple

Skill      XL: |  1  2  3  4  5  6  7  8  9 10 11 |
---------------+----------------------------------+-----
Axes           | 2 3 4 5 6 7 8 9 |  9.2
Fighting       | 4 5 6 7 8 |  8.2
Armour         | 3 4 5 6 7 |  7.0
Shields        | 3 4 5 |  5.4
Invocations    | 1 3 4 5 6 |  6.3
Evocations     | |  0.9

Action                     |  1- 3 |  4- 6 |  7- 9 | 10-12 || total
---------------------------+-------+-------+-------+-------++-------
  Melee: War axe           |    48 |   189 |   340 |   350 ||   927
  Evoke: Wand              |       |       |       |    16 ||    16
    Use: Scroll            |       |       |     6 |     4 ||    10
 Armour: Chain mail        |    48 |   173 |   292 |   349 ||   862
         Scale mail        |     2 |       |       |       ||     2
  Dodge: Dodged            |    22 |    73 |   129 |   118 ||   342
  Block: Buckler           |    18 |    51 |    44 |       ||   113
         Kite shield       |       |       |   107 |   205 ||   312

Table legend: (Time is in decaauts)
 A = Elapsed time spent in this place.
 B = Non-inter-level travel time spent in this place.
 C = Inter-level travel time spent in this place.
 D = Time resting spent in this place.
 E = Time spent auto-exploring this place.
 F = Levels seen in this place.
 G = Mean time per level.
                   A        B        C        D        E       F      G
               +--------+--------+--------+--------+--------+-----+--------+
         Total |  11565 |  10825 |    740 |   3154 |   5349 |  11 | 1051.4 |
       Dungeon |  11554 |  10814 |    740 |   3154 |   5349 |  10 | 1155.4 |
        Temple |     10 |     10 |      0 |      0 |      0 |   1 |   10.0 |
               +--------+--------+--------+--------+--------+-----+--------+

Top non-repeatable levels by time:
     D:8: 2090 daAuts
     D:3: 1427 daAuts
     D:9: 1212 daAuts
     D:7: 1183 daAuts
     D:6: 1178 daAuts
     D:4: 1017 daAuts
     D:5: 974 daAuts
     D:2: 956 daAuts
    D:10: 846 daAuts
     D:1: 668 daAuts
  Temple: 10 daAuts
